 Dungeon Crawl Stone Soup version 0.31-a0-268-g4392ee761c (webtiles) character file.

Game seed: 17133445488541728481

339 qw the Shooter (level 6, -4/52 HPs)
             Began as a Minotaur Hexslinger on July 14, 2023.
             Slain by a black bear (6 damage)
             ... on level 5 of the Dungeon.
             The game lasted 00:01:36 (3368 turns).

qw the Shooter (Minotaur Hexslinger)                Turns: 3368, Time: 00:01:37

Health: -4/52      AC:  8    Str: 13    XL:     6   Next: 29%
Magic:  6/6        EV: 11    Int: 10    God:
Gold:   175        SH:  0    Dex: 14    Spells: 6/7 levels left

rFire   . . .        Y - +1 sling
rCold   . . .        (no shield)
rNeg    . . .        f - +0 ring mail
rPois   .            (helmet restricted)
rElec   .            (no cloak)
rCorr   .            e - +2 pair of gloves
SInv    .            (no boots)
Will    .....        b - amulet of faith
Stlth   +            (no ring)
HPRegen 0.28/turn    (no ring)
MPRegen 0.10/turn

%: faith
@: no status effects
A: horns 2, retaliatory headbutt
a: no special abilities


You were on level 5 of the Dungeon.
You visited 2 branches of the dungeon, and saw 6 of its levels.

You collected 175 gold pieces.


Innate Abilities, Weirdness & Mutations

You have a pair of horns on your head.
You reflexively headbutt those who attack you in melee.


   Skills:
 - Level 4.0 Fighting
 + Level 6.3 Ranged Weapons
 - Level 1.0 Armour
 - Level 2.1 Dodging
 - Level 1.0 Spellcasting
 - Level 2.0 Hexes


You had 6 spell levels left.
You knew the following spells:

 Your Spells              Type           Power      Damage    Failure   Level
a - Slow                  Hex            16%        N/A       32%         1

Your spell library contained the following spells:

 Spells                   Type           Power      Damage    Failure   Level
 Inner Flame              Hex/Fire       2%         N/A       82%         3
 Portal Projectile        Hex/Tloc       4%         N/A       82%         3
 Cause Fear               Hex            2%         N/A       97%         4

Inventory:

Hand Weapons
 Y - a +1 sling (weapon)
Armour
 c - a +2 pair of boots
 e - a +2 pair of gloves (worn)
 f - a +0 ring mail (worn)
Jewellery
 b - an amulet of faith (around neck)
Scrolls
 a - 2 scrolls of identify
Potions
 d - a potion of mutation
 h - a potion of curing

Dungeon Overview and Level Annotations

Branches:
Dungeon (5/15)             Temple (1/1) D:4

Altars:
Ashenzari
Dithmenos
Elyvilon
Fedhas
Gozag
Kikubaaqudgha
Nemelex Xobeh
Ru
Sif Muna
Trog
Wu Jian
Xom
Yredelemnul

Annotations:
D:4 1 runed translucent door, Crazy Yiuf


Message History

A black bear comes into view.
Enter note:
Enter note: You shoot a sling bullet.
The sling bullet hits the black bear.
The black bear is lightly wounded.
You shoot a sling bullet. The sling bullet hits the black bear.
The black bear is moderately wounded.
You shoot a sling bullet. The sling bullet hits the black bear.
The black bear is heavily wounded.
The black bear bites you.
The black bear claws you but does no damage.
The black bear misses you.
You shoot a sling bullet. The sling bullet hits the black bear.
The black bear is severely wounded.
The black bear bites you but does no damage.
The black bear claws you but does no damage. x2
The black bear bites you but does no damage.
The black bear claws you but does no damage.
The black bear completely misses you.
You shoot a sling bullet. The sling bullet hits the black bear.
The black bear is severely wounded.
The black bear goes berserk!
You shoot a sling bullet. The sling bullet hits the black bear.
The black bear is severely wounded.
The black bear bites you! The black bear claws you.
The black bear claws you but does no damage.
The black bear bites you! The black bear claws you.
The black bear completely misses you.
You shoot a sling bullet. The sling bullet hits the black bear.
The black bear is almost dead.
The black bear bites you! The black bear claws you.
The black bear claws you but does no damage.
The black bear bites you but does no damage.
The black bear claws you.
The black bear claws you but does no damage.
You shoot a sling bullet. The sling bullet hits the black bear.
The black bear is almost dead.
The black bear bites you but does no damage.
The black bear claws you.
You die...

#.........####
#.........#
#.......#+########
#.................
#.................
#.................
#.......#'########
+.......#.####
#.......#@...#
#.......#h.#.#
#............#
!... .......#
..77.77..# ... .7
..# ##.7 .. .# #.
.. #


You could see a black bear (berserk).

Vanquished Creatures
  An ice beast (D:3)
  An iguana (D:5)
  Ijyb (D:4)
  Terence (D:2)
  5 adders
  3 river rats (D:4)
  2 worms
  6 orcs (D:3)
  9 ball pythons
  6 endoplasms
  2 giant cockroaches
  12 goblins
  7 hobgoblins
  2 jackals (D:4)
  7 kobolds
  7 quokkas
  7 bats
  A frilled lizard (D:2)
  7 rats
87 creatures vanquished.

Notes
Turn   | Place    | Note
-------+----------+-------------------------------------------
     0 | D:1      | qw the Minotaur Hexslinger began the quest for the Orb.
     0 | D:1      | Reached XP level 1. HP: 16/16 MP: 1/1
     0 | D:1      | 0 ||| qw: Version: 0.3-a-52-g30416fa
     0 | D:1      | 0 ||| qw: Game counter: 7927
     0 | D:1      | 0 ||| qw: Melee chars always use a shield: true
     0 | D:1      | 0 ||| qw: God list: Okawaru
     0 | D:1      | 0 ||| qw: Allow faded altars: false
     0 | D:1      | 0 ||| qw: Do Orc after clearing Dungeon:15 true
     0 | D:1      | 0 ||| qw: Do second Lair branch before Depths: true
     0 | D:1      | 0 ||| qw: Lair rune preference: random
     0 | D:1      | 0 ||| qw: Goals: Normal
     0 | D:1      | 0 ||| PLANNING D:1-11
   104 | D:1      | Reached skill level 3 in Ranged Weapons
   104 | D:1      | 104 ||| FLEEEEING.
   106 | D:1      | 106 ||| FLEEEEING.
   107 | D:1      | 107 ||| FLEEEEING.
   108 | D:1      | 108 ||| FLEEEEING.
   109 | D:1      | 109 ||| FLEEEEING.
   110 | D:1      | 110 ||| FLEEEEING.
   111 | D:1      | 111 ||| FLEEEEING.
   112 | D:1      | 112 ||| FLEEEEING.
   113 | D:1      | 113 ||| FLEEEEING.
   114 | D:1      | 114 ||| FLEEEEING.
   115 | D:1      | 115 ||| FLEEEEING.
   117 | D:1      | 117 ||| FLEEEEING.
   118 | D:1      | 118 ||| FLEEEEING.
   119 | D:1      | 119 ||| FLEEEEING.
   120 | D:1      | 120 ||| FLEEEEING.
   121 | D:1      | 121 ||| FLEEEEING.
   122 | D:1      | 122 ||| FLEEEEING.
   124 | D:1      | Reached XP level 2. HP: 21/23 MP: 2/2
   173 | D:1      | HP: 6/24 [hobgoblin/+0 war axe (12)]
   176 | D:1      | 176 ||| FLEEEEING.
   180 | D:1      | 180 ||| FLEEEEING.
   182 | D:1      | 182 ||| FLEEEEING.
   183 | D:1      | 183 ||| FLEEEEING.
   184 | D:1      | 184 ||| FLEEEEING.
   185 | D:1      | 185 ||| FLEEEEING.
   186 | D:1      | 186 ||| FLEEEEING.
   187 | D:1      | 187 ||| FLEEEEING.
   188 | D:1      | 188 ||| FLEEEEING.
   189 | D:1      | 189 ||| FLEEEEING.
   191 | D:1      | 191 ||| FLEEEEING.
   192 | D:1      | 192 ||| FLEEEEING.
   193 | D:1      | 193 ||| FLEEEEING.
   194 | D:1      | 194 ||| FLEEEEING.
   195 | D:1      | 195 ||| FLEEEEING.
   197 | D:1      | 197 ||| FLEEEEING.
   198 | D:1      | 198 ||| FLEEEEING.
   199 | D:1      | 199 ||| FLEEEEING.
   205 | D:1      | 205 ||| FLEEEEING.
   207 | D:1      | 207 ||| FLEEEEING.
   209 | D:1      | 209 ||| FLEEEEING.
   210 | D:1      | 210 ||| FLEEEEING.
   211 | D:1      | 211 ||| FLEEEEING.
   212 | D:1      | 212 ||| FLEEEEING.
   213 | D:1      | 213 ||| FLEEEEING.
   214 | D:1      | 214 ||| FLEEEEING.
   215 | D:1      | 215 ||| FLEEEEING.
   216 | D:1      | 216 ||| FLEEEEING.
   217 | D:1      | 217 ||| FLEEEEING.
   218 | D:1      | 218 ||| FLEEEEING.
   219 | D:1      | 219 ||| FLEEEEING.
   220 | D:1      | 220 ||| FLEEEEING.
   221 | D:1      | 221 ||| FLEEEEING.
   222 | D:1      | 222 ||| FLEEEEING.
   276 | D:1      | Found a faded altar of an unknown god.
   444 | D:1      | 444 ||| UPGRADING to +2 pair of gloves.
   486 | D:1      | Reached XP level 3. HP: 29/29 MP: 3/3
   621 | D:1      | 621 ||| UPGRADING to +0 ring mail.
   631 | D:1      | 631 ||| DROPPING +0 robe.
   634 | D:1      | 634 ||| READING scroll labelled IMUMER DITHROEM.
   635 | D:1      | 635 ||| READING scroll labelled EBUJ MEAPHEELY.
   636 | D:1      | 636 ||| DROPPING scroll of poison.
   811 | D:2      | Noticed Terence
   814 | D:2      | Killed Terence
   815 | D:2      | Reached skill level 4 in Ranged Weapons
  1204 | D:2      | Reached XP level 4. HP: 36/36 MP: 4/4
  1300 | D:2      | Reached skill level 1 in Armour
  1306 | D:2      | 1306 ||| UPGRADING to amulet of faith.
  1311 | D:2      | 1311 ||| READING 2 scrolls labelled ULUNTE RAYME.
  1312 | D:2      | 1312 ||| READING 2 scrolls labelled LORUMY ORADO.
  1376 | D:2      | 1376 ||| DRINKING 2 viscous emerald potions.
  1377 | D:2      | 1377 ||| DROPPING potion of brilliance.
  1378 | D:2      | 1378 ||| DROPPING scroll of torment.
  1496 | D:3      | Noticed an ice beast
  1511 | D:3      | HP: 5/36 [ice beast (9)]
  1515 | D:3      | Killed an ice beast
  1516 | D:3      | Reached skill level 5 in Ranged Weapons
  1516 | D:3      | Reached XP level 5. HP: 7/41 MP: 5/5
  1518 | D:3      | HP: 7/41 [bat (1)]
  1797 | D:3      | Found a white marble altar of Elyvilon.
  2060 | D:3      | 2060 ||| READING scroll labelled YTYGEO LEESH.
  2061 | D:3      | 2061 ||| READING 2 scrolls of identify.
  2061 | D:3      | 2061 ||| IDENTIFYING fizzy golden potion
  2062 | D:3      | 2062 ||| DROPPING potion of lignification.
  2077 | D:4      | 2077 ||| PLANNING SEWER
  2086 | D:4      | Reached skill level 3 in Fighting
  2124 | D:4      | Found a staircase to the Ecumenical Temple.
  2390 | D:4      | Found a runed translucent door.
  2391 | D:4      | Noticed Crazy Yiuf
  2438 | D:4      | Reached skill level 6 in Ranged Weapons
  2485 | D:4      | 2485 ||| FLEEEEING.
  2485 | D:4      | Noticed Ijyb
  2510 | D:4      | HP: 11/45 [poisoned by an adder]
  2525 | D:4      | HP: 9/45 [Ijyb/+0 dagger (1)]
  2530 | D:4      | HP: 9/45 [Ijyb/+0 dagger (2)]
  2537 | D:4      | HP: 5/45 [Ijyb/+0 dagger (4)]
  2539 | D:4      | HP: 2/45 [Ijyb/+0 dagger (2)]
  2543 | D:4      | Killed Ijyb
  2544 | D:4      | Reached XP level 6. HP: 4/52 MP: 6/6
  2746 | D:4      | 2746 ||| RIP SEWER
  2762 | D:4      | 2762 ||| PLANNING TEMPLE
  2762 | D:4      | 2762 ||| READING scroll labelled VACLIESCHINT.
  2766 | D:4      | 2766 ||| READING scroll labelled JIOGYTHR ZEUMEUFIENN.
  2767 | D:4      | 2767 ||| READING scroll labelled JOCRIMA GOXKOF.
  2768 | D:4      | 2768 ||| READING 4 scrolls of identify.
  2768 | D:4      | 2768 ||| IDENTIFYING metallic emerald potion
  2769 | D:4      | 2769 ||| READING 3 scrolls of identify.
  2769 | D:4      | 2769 ||| IDENTIFYING grey potion
  2786 | Temple   | Entered the Ecumenical Temple
  2824 | Temple   | 2824 ||| PLANNING D:1-11
  3200 | D:5      | Entered Level 5 of the Dungeon
  3367 | D:5      | HP: 11/52 [black bear (7)]
  3367 | D:5      | HP: 2/52 [black bear (5)]
  3368 | D:5      | Slain by a black bear

Levels and vault maps discovered:
D:1:      ebering_trefoil_twist, layout_basic, dreamdust_ecumenical_altar_grove,
          serial_bayou_lagoon_a, minmay_tetromino_t4
D:2:      layout_loops_cross, nicolae_elevator_lobby_plus, uniq_terence
D:3:      layout_rooms, lemuel_round_altar, chequers_serial_rivers_room_b
D:4:      layout_basic, minmay_temple_entry_stoned_glass, serial_rivers,
          chequers_serial_rivers_marsh, chequers_serial_rivers_small_b,
          chequers_serial_rivers_micro_b, chequers_serial_rivers_room_a,
          chequers_serial_rivers_small_a, portal_sewer_entry_b, uniq_ijyb,
          uniq_crazy_yiuf_cottage
D:5:      layout_basic, lemuel_coloured_pillars_altar,
          mainiacjoe_overflow_small_starburst, nicolae_uskayaw_dance_hall,
          serial_shops, shop_fountains, shop, shop, shop, shop
Temple:   nicolae_temple_ecumenical_triangle

Skill      XL: |  1  2  3  4  5  6 |
---------------+-------------------+-----
Ranged Weapons | 3 4 5 6 |  6.3
Fighting       | 2 3 4 |  4.0
Armour         | 1 |  1.0
Dodging        | |  2.1
Spellcasting   | |  1.0
Hexes          | |  2.0

Action                     |  1- 3 |  4- 6 || total
---------------------------+-------+-------++-------
   Fire: Sling             |   102 |   215 ||   317
    Use: Scroll            |     2 |     9 ||    11
         Potion            |       |     1 ||     1
 Armour: Robe              |     6 |       ||     6
         Ring mail         |       |    92 ||    92
  Dodge: Dodged            |    21 |    91 ||   112

Table legend:
 A = Non-vault XP
 B = Vault XP
 C = Vault XP percentage of total XP
 D = Non-vault monster count
 E = Vault monster count
 F = Vault count percentage of total count
                 A         B        C        D         E       F
            +---------+---------+-------+---------+---------+-------
      Total |     360 |     125 |  25.8 |      73 |      14 |  16.1
            +---------+---------+-------+---------+---------+-------
        D:1 |      37 |       8 |  17.8 |      21 |       4 |  16.0
        D:2 |      19 |      36 |  65.5 |      11 |       1 |   8.3
        D:3 |     179 |       0 |   0.0 |      26 |       0 |   0.0
        D:4 |      75 |      81 |  51.9 |      13 |       9 |  40.9
        D:5 |      50 |       0 |   0.0 |       2 |       0 |   0.0
            +---------+---------+-------+---------+---------+-------
